 Dungeon Crawl Stone Soup version 0.29.1-12-g30fa7ad0bf (webtiles) character file.

Game seed: 15066313552101416358

5700 wormed the Fighter (level 11, 0/89 HPs)
             Began as a Djinni Fire Elementalist on Dec 27, 2022.
             Was a Follower of Ashenzari.
             Slain by Urug
             ... wielding a +1 eveningstar of freezing
              (6 damage)
             ... on level 10 of the Dungeon.
             The game lasted 00:22:18 (13451 turns).

wormed the Fighter (Djinni Fire Elementalist)      Turns: 13451, Time: 00:22:18

Health: 0/89       AC:  6    Str:  7    XL:     11   Next: 4%
Gold:   530        EV: 13    Int: 21    God:    Ashenzari [*.....] SH:  0 Dex: 14

rFire   + + .      SeeInvis .   k - +0 dagger
rCold   x . .      Faith    .   (no shield)
rNeg    . . .      Spirit   .   t - +2 robe of Toth-Mos's Legacy {Will+, Fort, Self} (curse)
rPois   ∞          Reflect  .   (no helmet)
rElec   .          Harm     .   v - +0 cloak
rCorr   +          Rampage  .   r - +0 pair of gloves "Shattered With Me" {Melee, Fort} (curse)
Will    ++...                   (boots unavailable)
Stlth   ++........              (no amulet)
HPRegen 0.24/turn               p - ring of resist corrosion
MPRegen 0.00/turn               (no ring)

@: flying, studying Fighting
A: sickness immunity, fire resistance 2, cold vulnerability 1, float, innate
caster, HP casting, extra vitality 1
a: Renounce Religion, Shatter the Chains


You were on level 10 of the Dungeon.
You worshipped Ashenzari.
Ashenzari was aware of your devotion.
You visited 1 branch of the dungeon, and saw 10 of its levels.
You also visited: Ossuary.

You collected 530 gold pieces.

Inventory:

Hand Weapons
 k - a +0 dagger (weapon)
Missiles
 n - 2 throwing nets
Armour
 a - a +0 robe
 r - the cursed +0 pair of gloves "Shattered With Me" (worn) {Melee, Fort}
   (You found it on level 9 of the Dungeon)

   It has a curse which improves the following skills: Melee Combat: Short
   Blades, Long Blades, Axes, Maces & Flails, Polearms, Staves and Unarmed
   Combat.
   Fortitude: Armour and Shields.
 t - the cursed +2 robe of Toth-Mos's Legacy (worn) {Will+, Fort, Self}
   (You took it off a wight on level 7 of the Dungeon)

   It has a curse which improves the following skills: Fortitude: Armour and
   Shields.
   Introspection: Fighting and Spellcasting.
 v - a +0 cloak (worn)
Jewellery
 p - a ring of resist corrosion (left hand)
 x - a ring of ice
Wands
 u - a wand of roots (5)
 y - a wand of acid (5)
Scrolls
 c - 2 scrolls of poison
 f - 8 scrolls of teleportation
 g - 3 scrolls of magic mapping
 i - a scroll of blinking
 o - 3 scrolls of enchant armour
 q - 3 scrolls of butterflies
 z - a scroll of vulnerability
 B - 2 scrolls of fear
Potions
 b - 3 potions of ambrosia
 d - 3 potions of cancellation
 e - a potion of attraction
 h - a potion of resistance
 j - 2 potions of lignification
 l - 2 potions of might
 m - a potion of mutation
 s - 2 potions of invisibility
 w - 2 potions of brilliance
 A - 2 potions of berserk rage
 C - 2 potions of curing
 D - 2 potions of haste
 E - 3 potions of heal wounds


   Skills:
 - Level 11.4(12.2) Fighting
 + Level 0.6(1.2) Armour
 + Level 3.1 Dodging
 - Level 2.0 Stealth
 + Level 0.6(1.3) Shields
 - Level 9.1(10.0) Spellcasting


You had 4 spell levels left.
You knew the following spells:

 Your Spells              Type           Power      Damage    Failure   Level
a - Foxfire               Conj/Fire      100%       2x1d9     1%          1
b - Scorch                Fire           100%       2d10      1%          2
c - Conjure Flame         Conj/Fire      51%        6-21      1%          3
d - Inner Flame           Hex/Fire       51%        N/A       1%          3
e - Flame Wave            Conj/Fire      51%        2d13      1%          4
f - Slow                  Hex            100%       N/A       1%          1
g - Static Discharge      Conj/Air       51%        3-10/arc  1%          2
h - Wereblood             Tmut           51%        N/A       1%          2
i - Lesser Beckoning      Tloc           51%        N/A       1%          3
j - Alistair's Intoxicat  Tmut/Pois      34%        N/A       3%          5
Your spell library was empty.

Dungeon Overview and Level Annotations

Branches:
Dungeon (10/15)            Temple (0/1) D:7         Ossuary (visited)
   Lair: D:8-11         Orc: D:9-12

Altars:
Ashenzari
Cheibriados
Dithmenos
Ru
Uskayaw

Shops:
D:4 *   D:6 :?=[?

Annotations:
D:10 Urug


Innate Abilities, Weirdness & Mutations

You are immune to sickness and miasma.
You are immune to poison.
Your flesh is very heat resistant. (rF++)
You are vulnerable to cold. (rC-)
You float through the air rather than walking.
You learn spells naturally, not from books.
Your magical power is your life essence.
You have superior vitality. (+4 MHP)


Message History

Urug is lightly wounded.
Casting: Scorch (safe; 1% risk of failure)
Confirm with . or Enter, or press ? or * to list all spells.
Flames lash Urug.
Urug resists.
Urug is lightly wounded.
Urug's fire resistance burns away.
Urug hits you with a +1 eveningstar of freezing!!
Urug freezes you!
Casting: Scorch (safe; 1% risk of failure)
Confirm with . or Enter, or press ? or * to list all spells.
Flames lash Urug.
Urug is lightly wounded.
Urug hits you with a +1 eveningstar of freezing!
Urug freezes you.
Casting: Scorch (safe; 1% risk of failure)
Confirm with . or Enter, or press ? or * to list all spells.
Flames lash Urug.
Urug is moderately wounded.
Urug hits you with a +1 eveningstar of freezing!
Urug freezes you.
Casting: Scorch (safe; 1% risk of failure)
Confirm with . or Enter, or press ? or * to list all spells.
Flames lash Urug.
Urug is heavily wounded.
Urug hits you with a +1 eveningstar of freezing!!
* * * LOW HITPOINT WARNING * * *
Urug freezes you.
* * * LOW HITPOINT WARNING * * *
Casting: Scorch (safe; 1% risk of failure)
Confirm with . or Enter, or press ? or * to list all spells.
Flames lash Urug.
Urug is heavily wounded.
* * * LOW HITPOINT WARNING * * *
Urug completely misses you.
Casting: Scorch (safe; 1% risk of failure)
Confirm with . or Enter, or press ? or * to list all spells.
Flames lash Urug but do no damage.
* * * LOW HITPOINT WARNING * * *
Urug hits you with a +1 eveningstar of freezing.
You die...

### .... ....#
#....##### .
#........## ..#
......o...## ..#
.......@...## #..##
######......##....#
###...........
#........###
#.###)..## #..
##.÷# #..# #÷.##
#.# ##.## #Z ##.##


You could see Urug (combustible).

Vanquished Creatures
  2 two-headed ogres (D:9)
  A vampire (D:9)
  A shadow (D:9)
  Eustachio (D:5)
  Grum (D:10)
  Menkaure (Ossuary)
  An acid dragon (D:7)
  3 water moccasins
  2 orc warriors (D:7)
  2 sky beasts (D:7)
  2 ice beasts
  4 wolves (D:10)
  An ogre (D:5)
  4 centaurs
  3 kobold brigands
  A bullfrog (D:6)
  A scorpion (D:4)
  A necrophage (D:4)
  5 wights (D:7)
  4 killer bees (D:9)
  3 vampire bats (D:9)
  6 howler monkeys
  6 hounds
  3 jellies (D:5)
  2 gnoll boudas
  2 iguanas
  Natasha (thrice) (D:3)
  4 orc wizards
  3 mummies (Ossuary)
  11 gnolls
  11 adders
  2 ufetubi
  4 worms (D:2)
  A dart slug (D:4)
  15 orcs
  4 bats
  4 bat skeletons (D:9)
  2 bat zombies (D:9)
  7 endoplasms
  5 giant cockroaches
  5 gnoll zombies (Ossuary)
  8 goblins
  4 hobgoblins
  6 jackals (D:1)
  21 kobolds
  3 quokkas
  3 ball pythons
  6 frilled lizards
  A gnoll skeleton (Ossuary)
  3 goblin skeletons (Ossuary)
  4 goblin zombies (Ossuary)
  5 hobgoblin skeletons (Ossuary)
  4 hobgoblin zombies
  9 kobold skeletons (Ossuary)
  3 kobold zombies (Ossuary)
  4 orc skeletons
  10 orc zombies
  5 rats
  4 rat skeletons (Ossuary)
  4 rat zombies (Ossuary)
251 creatures vanquished.

Vanquished Creatures (others)
  201 foxfires
  A plant (D:7)
202 creatures vanquished.

Grand Total: 453 creatures vanquished

Notes
Turn   | Place    | Note
-------+----------+-------------------------------------------
     0 | D:1      | wormed the Djinni Fire Elementalist began the quest for the
                  | Orb.
     0 | D:1      | wormed set off with the following spells memorised:
                  | Foxfire, Scorch, Conjure Flame, Inner Flame, Flame Wave.
     0 | D:1      | Reached XP level 1. HP: 15/15 MP: 0/0
   718 | D:1      | Reached XP level 2. HP: 18/22 MP: 0/0
  1290 | D:1      | Reached skill level 1 in Fighting
  1446 | D:1      | Reached XP level 3. HP: 25/27 MP: 0/0
  1446 | D:1      | Learned a level 1 spell: Slow
  1824 | D:2      | Reached XP level 4. HP: 16/32 MP: 0/0
  2130 | D:2      | Reached skill level 2 in Fighting
  2467 | D:2      | Reached XP level 5. HP: 31/39 MP: 0/0
  2467 | D:2      | Learned a level 2 spell: Static Discharge
  2723 | D:2      | Found a faded altar of an unknown god.
  3128 | D:3      | Reached skill level 3 in Fighting
  3351 | D:3      | Reached XP level 6. HP: 42/46 MP: 0/0
  3596 | D:3      | Found a broken altar of Ashenzari.
  3617 | D:3      | Became a worshipper of Ashenzari the Shackled
  3763 | D:3      | Noticed Natasha
  3769 | D:3      | Killed Natasha
  3886 | D:3      | Noticed Natasha
  3890 | D:3      | Killed Natasha
  3935 | D:3      | Noticed Natasha
  3941 | D:3      | Killed Natasha
  4209 | D:4      | Reached skill level 4 in Fighting
  4345 | D:4      | Reached XP level 7. HP: 40/52 MP: 0/0
  4345 | D:4      | Learned a level 2 spell: Wereblood
  4627 | D:4      | Found Wumu's CLEARANCE SALE!.
  4969 | D:5      | Entered Level 5 of the Dungeon
  5170 | D:5      | Reached skill level 5 in Fighting
  5365 | D:5      | Noticed a water moccasin
  5369 | D:5      | Reached XP level 8. HP: 39/59 MP: 0/0
  5374 | D:5      | Reached skill level 5 in Spellcasting
  5419 | D:5      | Noticed Eustachio
  5446 | D:5      | Killed Eustachio
  5447 | D:5      | Reached skill level 6 in Fighting
  6755 | D:6      | Found Piclig's Antique Armour Boutique.
  7174 | D:6      | Found Hollovut's Book Shop.
  7292 | D:6      | Found a sacrificial altar of Ru.
  7294 | D:6      | Found a shadowy altar of Dithmenos.
  7312 | D:6      | Found Xoxogeewn's Jewellery Shop.
  7329 | D:6      | Found a sand-covered staircase.
  7427 | Ossuary  | Entered an ossuary
  8146 | Ossuary  | Noticed Menkaure
  8159 | Ossuary  | Killed Menkaure
  8160 | Ossuary  | Reached skill level 7 in Fighting
  8160 | Ossuary  | Reached XP level 9. HP: 34/68 MP: 0/0
  8160 | Ossuary  | Learned a level 3 spell: Lesser Beckoning
  8440 | D:6      | Found Okkusaga's Magic Scroll Boutique.
  8534 | D:6      | Found a snail-covered altar of Cheibriados.
  8534 | D:6      | Found a hide-covered altar of Uskayaw.
  8789 | D:6      | Found Rukoch's Magic Scroll Shop.
  9078 | D:6      | Reached skill level 8 in Fighting
 10496 | D:7      | Found a staircase to the Ecumenical Temple.
 10612 | D:7      | Reached skill level 9 in Fighting
 10612 | D:7      | Reached XP level 10. HP: 44/78 MP: 0/0
 11235 | D:8      | You are sucked into a shaft and drop 1 floor!
 11483 | D:9      | Reached * piety under Ashenzari
 11483 | D:9      | Identified a scroll of acquirement
 11484 | D:9      | Acquired a manual of Fighting
 11690 | D:9      | Reached skill level 10 in Fighting
 12109 | D:9      | Noticed a two-headed ogre
 12121 | D:9      | Killed a two-headed ogre
 12122 | D:9      | Reached skill level 11 in Fighting
 12277 | D:9      | Noticed a two-headed ogre
 12284 | D:9      | Killed a two-headed ogre
 12613 | D:10     | Entered Level 10 of the Dungeon
 13037 | D:10     | Noticed Grum
 13045 | D:10     | Reached XP level 11. HP: 9/89 MP: 0/0
 13045 | D:10     | Learned a level 5 spell: Alistair's Intoxication
 13048 | D:10     | Killed Grum
 13083 | D:10     | Noticed Urug
 13451 | D:10     | Slain by Urug

Illustrated notes

Levels and vault maps discovered:
D:1:      giann_horns, layout_basic
D:2:      layout_loops_cross, basic_altar, chequers_ecumenical_altar_twisty,
          hex_tiny, minmay_hexomino_c4
D:3:      layout_rooms, mainiacjoe_overflow_swirl, uniq_natasha
D:4:      layout_gridville, nicolae_shop_clearance
D:5:      layout_basic, hangedman_decor_growths, uniq_eustachio
D:6:      layout_loops_ring, nicolae_overflow_hidden_temple,
          nicolae_ossuary_entry_false_entrances, serial_shops,
          kennysheep_mini_moat, shop, shop, nicolae_shop_crystal, shop_statue
D:7:      minmay_chambers_of_sixes, layout_cave_pools,
          minmay_temple_entry_overgrown, nrook_mini_backslash
D:8:      layout_basic, grunt_lair_entry_orc_guard_hut
D:9:      layout_basic, kennysheep_vampire_church
D:10:     layout_layer_cave, zombieorc2_lemuel, uniq_lodul, uniq_urug, uniq_grum

Skill      XL: |  1  2  3  4  5  6  7  8  9 10 |
---------------+-------------------------------+-----
Fighting       | 1 2 3 4 5 7 9 11 | 11.4
Stealth        | 2 |  2.0
Dodging        | 3 |  3.1
Spellcasting   | 3 4 6 7 9 |  9.1
Armour         | |  0.6
Shields        | |  0.6

Action                   |  1- 3 |  4- 6 |  7- 9 | 10-12 || total
-------------------------+-------+-------+-------+-------++-------
Melee: Unarmed           |     9 |       |       |       ||     9
 Cast: Foxfire           |    57 |    11 |    38 |    19 ||   125
       Scorch            |     4 |    76 |   190 |    83 ||   353
       Flame Wave        |       |       |     5 |     3 ||     8
       Slow              |       |       |     1 |       ||     1
       Conjure Flame     |       |       |     1 |     2 ||     3
       Inner Flame       |       |       |     1 |       ||     1
Invok: Curse Item        |       |       |       |     2 ||     2
  Use: Scroll            |       |     4 |     9 |     2 ||    15
       Potion            |       |       |     1 |     2 ||     3
Armor: Robe              |     8 |     1 |     8 |    19 ||    36
Dodge: Dodged            |    58 |    17 |    29 |    57 ||   161
